 Dungeon Crawl Stone Soup version 0.21.1 (webtiles) character file.

6244 Mgcat the Fighter (level 10, -2/88 HPs)
             Began as a Mummy Fighter on Feb 4, 2018.
             Was an Initiate of Gozag.
             Killed from afar by an electric eel (12 damage)
             ... with a bolt of electricity
             ... on level 9 of the Dungeon.
             The game lasted 00:34:22 (14459 turns).

Mgcat the Fighter (Mummy Fighter)                  Turns: 14459, Time: 00:34:23

Health: -2/88      AC: 10    Str: 23    XL:     10   Next: 62%
Magic:  0/12       EV: 11    Int:  8    God:    Gozag
Gold:   838        SH:  9    Dex: 15    Spells: 11/12 levels left

rFire    x . .     SeeInvis .   n - +4 scimitar
rCold    + . .     Gourm    .   c - +0 shield
rNeg     + + +     Faith    .   o - +3 ring mail of Yminezit {rPois rN+ Str+4 Stlth-}
rPois    ∞         Spirit   +   (no helmet)
rElec    .         Reflect  .   (no cloak)
rCorr    .         Harm     .   (no gloves)
MR       ++...                  s - +1 pair of boots
Stlth    ..........             t - amulet of guardian spirit {Spirit}
HPRegen  0.24/turn              m - ring of protection from magic {MR+, !d}
MPRegen  0.13/turn              q - +3 ring of evasion

@: marked, gold aura
A: no food or potions, fire vulnerability, cold resistance 1, negative energy
resistance 3, torment resistance, unbreathing
a: Potion Petition, Call Merchant, Bribe Branch, Renounce Religion


You were on level 9 of the Dungeon.
You worshipped Gozag.
Gozag was pleased with you.
You were not hungry.

You visited 2 branches of the dungeon, and saw 11 of its levels.
You also visited: Bailey.

You collected 1208 gold pieces.
You paid 370 gold pieces to Gozag.

Inventory:

Hand Weapons
 n - a +4 scimitar (weapon)
   (You took it off a wight on level 9 of the Dungeon)
Armour
 c - a +0 shield (worn)
 o - the +3 ring mail of Yminezit (worn) {rPois rN+ Str+4 Stlth-}
   (You found it on level 6 of the Dungeon)

   It affects your strength (+4).
   It protects you from poison.
   It protects you from negative energy.
   It makes you less stealthy.
 s - a +1 pair of boots (worn)
   (You found it on level 4 of the Dungeon)
Jewellery
 k - an uncursed ring of protection from fire {rF+, !d}
   (You found it on level 9 of the Dungeon)
 m - a ring of protection from magic (left hand) {MR+, !d}
   (You found it on level 3 of the Dungeon)
 q - a +3 ring of evasion (right hand)
   (You found it on level 4 of the Dungeon)
 t - an amulet of guardian spirit (around neck) {Spirit}
   (You found it on level 9 of the Dungeon)
Wands
 a - a wand of enslavement (15)
   (You found it on level 7 of the Dungeon)
 e - a wand of flame (27)
   (You found it on level 7 of the Dungeon)
 f - a wand of polymorph (15)
   (You found it on level 9 of the Dungeon)
 p - a wand of clouds (6)
   (You took it off a crimson imp on level 9 of the Dungeon)
 r - a wand of scattershot (8)
   (You found it on level 4 of the Dungeon)
 u - a wand of iceblast (3)
   (You found it on level 5 of the Dungeon)
 v - a wand of acid (11)
   (You found it on level 9 of the Dungeon)
Scrolls
 b - a scroll of immolation {unknown}
 g - a scroll of noise {unknown}
 h - 4 scrolls of identify
 i - 5 scrolls of teleportation
 j - 4 scrolls of amnesia
 l - 3 scrolls of remove curse
Books
 d - a book of Cantrips
   (You found it on level 7 of the Dungeon)


   Skills:
 + Level 11.4 Fighting
 + Level 9.6 Long Blades
 + Level 2.7 Armour
 + Level 2.7 Shields
 + Level 1.5 Spellcasting
 + Level 1.3 Hexes


You had 11 spell levels left.
You knew the following spells:

 Your Spells              Type           Power        Failure   Level  Hunger
a - Confusing Touch       Hex            #.....       86%         1    N/A

Dungeon Overview and Level Annotations

Branches:
Dungeon (10/15)            Temple (1/1) D:7
   Lair: D:8-11         Orc: D:9-12

Altars:
Ashenzari
Cheibriados
Dithmenos
Elyvilon
Fedhas
Gozag
Hepliaklqana
Kikubaaqudgha
Makhleb
Nemelex Xobeh
Okawaru
Qazlal
Ru
Sif Muna
Trog
Uskayaw
Vehumet
Wu Jian
Xom
Yredelemnul
Zin
The Shining One

Shops:
D:4 =!*


Innate Abilities, Weirdness & Mutations

You do not eat or drink.
Your flesh is vulnerable to fire.
You are immune to poison.
Your flesh is cold resistant. (rC+)
You are immune to negative energy. (rN+++)
You are immune to unholy pain and torment.
You can survive without breathing.


Message History

The electric eel is heavily wounded.
The electric eel shoots out a bolt of lightning at you!
The bolt of electricity hits the electric eel.
The electric eel completely resists.
The bolt of electricity hits you!
The electric eel shoots out a bolt of lightning at you!
The bolt of electricity hits you!
The electric eel shoots out a bolt of lightning at you!
The bolt of electricity hits you!
Unknown command.
Unknown command.
Unknown command.
Evoke which item? (* to show all) (? for menu, Esc to quit)
Aiming: Iceblast
Press: ? - help, Shift-Dir - straight line, f/p - electric eel
Aim: an electric eel (heavily wounded)
The mass of ice explodes!
The iceblast engulfs the electric eel.
The electric eel is almost dead.
The iceblast engulfs the electric eel.
You kill the electric eel!
You now have 823 gold pieces (gained 7).
The iceblast engulfs the electric eel.
You kill the electric eel!
You now have 829 gold pieces (gained 6).
The electric eel shoots out a bolt of lightning at you!
The bolt of electricity hits you!
Unknown command.
Unknown command.
You closely miss the electric eel.
The electric eel is almost dead.
You hit the electric eel.
You kill the electric eel!
You now have 838 gold pieces (gained 9).
v - a wand of acid (11)
You start resting.
Magic restored.
HP restored.
Unknown command.
There is an open door here.
You see here a large rock {!d}.
You enter the shallow water.
Moving in this stuff is going to be slow.
As you open the door, it creaks loudly!
The electric eel shoots out a bolt of lightning at you!
The bolt of electricity misses you.
The electric eel shoots out a bolt of lightning at you!
The bolt of electricity hits you!
The electric eel shoots out a bolt of lightning at you!
The bolt of electricity hits the plant.
The bolt of electricity hits you!
There is an open door here.
Evoke which item? (* to show all) (? for menu, Esc to quit)
Aiming: Iceblast
Press: ? - help, Shift-Dir - straight line, f - electric eel
Aim: an electric eel The mass of ice explodes!
The iceblast engulfs the electric eel.
The electric eel is almost dead.
The iceblast engulfs the electric eel.
The electric eel is severely wounded.
The iceblast engulfs the plant.
The plant is moderately damaged.
The iceblast engulfs the plant.
The plant is lightly damaged.
The electric eel shoots out a bolt of lightning at you!
The bolt of electricity hits the plant.
The bolt of electricity misses you.
The electric eel shoots out a bolt of lightning at you!
The bolt of electricity misses the electric eel.
The bolt of electricity hits you!
The electric eel shoots out a bolt of lightning at you!
The bolt of electricity hits you!
The alarm trap emits a blaring wail!
A sentinel's mark forms upon you.
The electric eel shoots out a bolt of lightning at you!
The bolt of electricity hits you!
The electric eel shoots out a bolt of lightning at you!
The bolt of electricity hits you!
The electric eel shoots out a bolt of lightning at you!
The bolt of electricity hits the electric eel.
The electric eel completely resists.
The bolt of electricity misses you.
The electric eel shoots out a bolt of lightning at you!
The bolt of electricity hits you!
You slash the electric eel!
You kill the electric eel!
You hear a splash.
The electric eel shoots out a bolt of lightning at you!
The bolt of electricity misses you.
The electric eel shoots out a bolt of lightning at you!
The bolt of electricity hits the plant.
The bolt of electricity hits you!
The electric eel shoots out a bolt of lightning at you!
The bolt of electricity hits you!
The electric eel shoots out a bolt of lightning at you!
The bolt of electricity hits you!
* * * LOW HITPOINT WARNING * * *
The electric eel is distracted by the nearby gold.
The electric eel shoots out a bolt of lightning at you!
The bolt of electricity hits you!
* * * LOW HITPOINT WARNING * * *
There is an open door here.
The electric eel shoots out a bolt of lightning at you!
The bolt of electricity hits you!
You die...
Your body crumbles into a pile of gold.

.# #.#.#≈≈......#≈# #.# #.#.. .#
#.#(#≈≈.P...'#.# #.# #....
.#######(##≈(≈P..#(.# #.# ##..#
.....##(##########.####.# #..#
.#.###≈##≈≈$P..##≈≈#....# #..#
.#..##.#≈;≈$....#≈##....# #..#
'##.##.#≈(.P....#.#.....######.##
..#.##.#≈;(≈≈..'#.#.......##.....
♣.'.##'##≈.$P..#@.#.......#.8...8
..###...########.##.......#......
.##.........^..###............_..
.##.##.#######.....#..#...#......
###.##.# #.###...##...#.8...8 #
#.##.# #.# ######...##.....
###.##.# #.# #....###.##
.##.##.#######.########..........
.##.##.()[[......................


You could see 2 electric eels.

Vanquished Creatures
  A cyclops (D:9)
  The ghost of execc the Sneak, a novice OpAr of Trog (D:5)
  2 hippogriffs (D:9)
  A yak (D:9)
  Menkaure (D:7)
  Duvessa (D:7)
  A sky beast (D:9)
  An eye of draining (D:8)
  A black bear (D:6)
  3 orc warriors
  An ice beast (D:8)
  3 ogres
  A necrophage (D:9)
  A phantom (D:5)
  7 centaurs
  7 bullfrogs
  A gnoll sergeant (D:10)
  A scorpion (D:8)
  Dowan (D:7)
  7 killer bees
  An oklob sapling (D:7)
  2 howler monkeys
  3 wights (D:9)
  4 electric eels (D:9)
  7 crimson imps
  A centaur zombie (D:10)
  5 jellies
  10 hounds
  4 orc priests
  2 bullfrog skeletons (D:4)
  10 orc wizards
  6 iguanas
  6 worker ants
  A hound skeleton (D:9)
  A worker ant zombie (D:6)
  18 gnolls
  12 adders
  A shadow imp (D:10)
  5 oozes (D:9)
  2 adder skeletons
  4 worms
  A dart slug (D:2)
  8 leopard geckos
  45 orcs
  4 bats
  2 giant cockroaches
  12 goblins
  8 hobgoblins
  8 jackals
  3 quokkas
  5 ball pythons
  3 frilled lizards
  A jackal skeleton (D:6)
  11 kobolds
  13 rats
  A fungus (D:10)
  A plant (D:7)
274 creatures vanquished.

Vanquished Creatures (others)
  A plant (D:7)
1 creature vanquished.

Grand Total: 275 creatures vanquished

Notes
Turn   | Place    | Note
-------+----------+-------------------------------------------
     0 | D:1      | Mgcat the Mummy Fighter began the quest for the Orb.
     0 | D:1      | Reached XP level 1. HP: 18/18 MP: 1/1
   216 | D:1      | Reached skill level 2 in Long Blades
   216 | D:1      | Reached XP level 2. HP: 24/24 MP: 2/2
   274 | D:1      | Reached XP level 3. HP: 16/29 MP: 3/3
   920 | D:2      | Reached skill level 4 in Fighting
  1045 | D:2      | Reached XP level 4. HP: 36/37 MP: 4/4
  1275 | D:2      | Reached skill level 3 in Long Blades
  1598 | D:2      | Found a sacrificial altar of Ru.
  2047 | D:3      | Reached XP level 5. HP: 43/43 MP: 5/5
  2106 | D:3      | Found a glowing golden altar of the Shining One.
  2606 | D:3      | Found a bloodstained altar of Trog.
  2693 | D:4      | Found Purokk's General Store.
  2998 | D:4      | Reached skill level 5 in Fighting
  3014 | D:4      | Found Bapixt's Jewellery Shop.
  3044 | D:4      | Reached XP level 6. HP: 47/51 MP: 6/6
  3060 | D:4      | Found Ypedir's Distillery.
  3084 | D:4      | Reached skill level 4 in Long Blades
  3132 | D:4      | HP: 8/51 [orc priest/trident (8)]
  4181 | D:4      | Reached skill level 6 in Fighting
  4189 | D:4      | Reached XP level 7. HP: 54/58 MP: 7/7
  4367 | D:5      | Entered Level 5 of the Dungeon
  4586 | D:5      | Noticed execc's ghost (novice OpAr)
  4867 | D:4      | HP: 12/59 [ogre/giant club (23)]
  4946 | D:4      | HP: 13/59 [ogre/giant club (14)]
  5190 | D:3      | HP: 9/59 [ogre/giant club (12)]
  5312 | D:3      | HP: 14/59 [ogre/giant club (18)]
  5673 | D:5      | Reached skill level 5 in Long Blades
  5699 | D:5      | Killed execc's ghost
  5699 | D:5      | Reached skill level 7 in Fighting
  5862 | D:5      | Reached XP level 8. HP: 58/67 MP: 8/8
  5963 | D:5      | You fall through a shaft for 2 floors!
  5999 | D:5      | Found a sparkling altar of Nemelex Xobeh.
  6231 | D:5      | Found a blossoming altar of Fedhas.
  6379 | D:5      | Reached skill level 6 in Long Blades
  6680 | D:6      | Reached skill level 8 in Fighting
  7236 | D:6      | Got a transparent helmet
  7242 | D:6      | Identified the cursed -2 helmet of the Peasants {MR- rCorr Int+4} (You found it on level 6 of the Dungeon)
  7547 | D:6      | Got a brightly glowing ring mail
  7558 | D:6      | Identified the +3 ring mail of Yminezit {rPois rN+ Str+4 Stlth-} (You found it on level 6 of the Dungeon)
  7779 | D:6      | Noticed a moth of wrath
  7786 | D:6      | Found a bloodstained altar of Trog.
  8007 | D:7      | Noticed Menkaure
  8014 | D:7      | Killed Menkaure
  8014 | D:7      | Reached skill level 7 in Long Blades
  8161 | D:7      | Found a staircase to the Ecumenical Temple.
  8179 | D:7      | Noticed Dowan
  8188 | D:7      | Killed Dowan
  8200 | D:7      | Reached XP level 9. HP: 75/75 MP: 9/9
  8209 | D:7      | Noticed Duvessa
  8236 | D:7      | HP: 13/75 [Duvessa/short sword of venom (8)]
  8238 | D:7      | Killed Duvessa
  8238 | D:7      | Reached skill level 9 in Fighting
  8251 | D:7      | HP: 14/76 [adder (2)]
  8727 | D:7      | Found a basalt altar of Yredelemnul.
  8873 | D:7      | Learned a level 1 spell: Confusing Touch
  9127 | D:7      | Found an ancient bone altar of Kikubaaqudgha.
  9127 | D:7      | Found a shadowy altar of Dithmenos.
  9132 | D:7      | Found a shattered altar of Ashenzari.
  9283 | D:7      | Found a white marble altar of Elyvilon.
  9290 | D:7      | Found a burning altar of Makhleb.
  9724 | Temple   | Entered the Ecumenical Temple
 10178 | D:8      | Reached skill level 8 in Long Blades
 10207 | D:8      | Reached skill level 10 in Fighting
 10659 | D:8      | Found a glowing silver altar of Zin.
 11235 | D:9      | Found a flagged portal.
 11300 | Bailey   | Entered a bailey
 11300 | Bailey   | Noticed an orc knight
 11300 | Bailey   | Noticed an orc knight
 11520 | D:9      | Found an opulent altar of Gozag.
 11534 | D:9      | Became a worshipper of Gozag Ym Sagoz the Greedy
 11628 | D:9      | Reached XP level 10. HP: 86/86 MP: 10/10
 11799 | D:9      | Reached skill level 9 in Long Blades
 12038 | D:9      | Reached skill level 11 in Fighting
 12597 | D:9      | Noticed a cyclops
 12623 | D:9      | Killed a cyclops
 13401 | D:10     | Entered Level 10 of the Dungeon
 13734 | D:10     | Reached skill level 1 in Spellcasting
 13804 | D:10     | Reached skill level 1 in Hexes
 13915 | D:10     | Noticed a two-headed ogre
 14456 | D:9      | HP: 20/88 [electric eel/bolt of electricity (8)]
 14458 | D:9      | HP: 9/88 [electric eel/bolt of electricity (11)]
 14459 | D:9      | Killed from afar by an electric eel

Skill      XL: |  1  2  3  4  5  6  7  8  9 10 |
---------------+-------------------------------+-----
Long Blades    | 2 3 4 5 7 8 9 |  9.6
Fighting       | 4 5 6 7 8 10 11 | 11.4
Spellcasting   | 1 |  1.5
Hexes          | 1 |  1.3
Armour         | |  2.7
Shields        | |  2.7

Action                   |  1- 3 |  4- 6 |  7- 9 | 10-12 || total
-------------------------+-------+-------+-------+-------++-------
Melee: Long sword        |   133 |   324 |       |       ||   457
       Falchion          |       |       |   601 |    65 ||   666
       Scimitar          |       |       |       |   126 ||   126
Invok: Potion Petition   |       |       |     1 |       ||     1
Evoke: Wand              |       |       |       |     3 ||     3
  Use: Scroll            |     2 |     4 |     6 |     3 ||    15
 Stab: Paralysed         |       |     2 |       |       ||     2
       Distracted        |       |       |       |     1 ||     1
Armor: Plate armour      |    97 |   225 |   156 |       ||   478
       Scale mail        |     2 |       |       |       ||     2
       Ring mail         |       |       |    81 |    42 ||   123
Dodge: Dodged            |    18 |    52 |   179 |    58 ||   307
Block: Shield            |    70 |   146 |   266 |    72 ||   554
       Rpst.: Long sword |     7 |    19 |       |       ||    26
       Falchion          |       |       |    50 |     3 ||    53
       Scimitar          |       |       |       |    14 ||    14

Vault maps used:
D:1:      dpeg_arrival_simpleton_b, st_stairs_4
D:2:      nicolae_ru_great_annihilating_truth, minmay_cut_off
D:3:      overflow_temple_1_default, nicolae_tso_carved_into_rock
D:4:      serial_shops, nicolae_shop_crystal, nicolae_shop_trees, shop,
          minmay_misc_feat_chi, minivault_5, corexii_leaking_fountain,
          nrook_uturn
D:5:      kennysheep_little_box, lemuel_round_altar, first_ration
D:6:      tgw_trog
D:7:      minitemple, nicolae_overflow_crystal_walls,
          amethyst_overflow_temple_binary, minmay_temple_entry_oklob,
          uniq_duvessa, uniq_joseph, uniq_menkaure
D:8:      wad_crossroads, kennysheep_mini_moat
D:9:      cheibrodos_two_vegetables, grunt_gozag_statues, enter_bailey_3,
          hangedman_little_slice_of_home, grunt_ministairs_13, moated_statue
D:10:     minmay_gold_behind_fungi, minivault_25_ag, minmay_misc_feat_tiny,
          nicolae_zen_rock_garden, grunt_qazlal_sundering
Temple:   dpeg_three_leaves_temple
Bailey:   bailey_polearm_4, bailey

Table legend:
 A = Turns spent in this place as a percentage of turns spent in the entire game.
 B = Non-inter-level travel turns spent in this place as a percentage of non-inter-level travel turns spent in the entire game.
 C = Inter-level travel turns spent in this place as a percentage of turns spent in this place.
 D = Turns resting spent in this place as a percentage of non-inter-level travel turns spent in this place.
 E = Turns spent auto-exploring this place as a percentage of non-inter-level travel turns spent in this place.
 F = Non-inter-level travel turns spent in this place divided by the number of levels of this place that you've seen.
                   A       B       C       D       E      F
               +-------+-------+-------+-------+-------+----------------------
         Total | 100.0 | 100.0 |   5.3 |  39.0 |  39.9 | 1141.3
       Dungeon |  98.7 |  98.8 |   5.2 |  38.8 |  39.9 | 1352.8
        Temple |   1.3 |   1.2 |   8.8 |  58.8 |  40.6 | 165.0
        Bailey |   0.0 |   0.0 |   0.0 |   0.0 |   0.0 |   3.0
               +-------+-------+-------+-------+-------+----------------------

Table legend:
 A = Kills in this place as a percentage of kills in entire the game.
 B = Kills by you in this place as a percentage of kills by you in the entire game.
 C = Kills by friends in this place as a percentage of kills by friends in the entire game.
 D = Other kills in this place as a percentage of other kills in the entire game.
 E = Experience gained in this place as a percentage of experience gained in the entire game.
 F = Experience gained in this place divided by the number of levels of this place that you have seen.
                   A       B       C       D       E      F
               +-------+-------+-------+-------+-------+----------------------
         Total | 100.0 | 100.0 |   N/A |   N/A | 100.0 | 743.3
       Dungeon | 100.0 | 100.0 |   N/A |   N/A | 100.0 | 892.0
               +-------+-------+-------+-------+-------+----------------------
